 Dungeon Sprint DCSS version 0.17.0-23-g0de4337 (webtiles) character file.

1901 George the Fighter (level 8, -2/82 HPs)
             Began as a Minotaur Fighter on Nov 14, 2015.
             Was a High Priest of Makhleb.
             Slain by a seven-headed hydra (13 damage)
             ... in the Dungeon (Sprint IX: "|||||||||||||||||||||||||||||").
             The game lasted 00:03:21 (935 turns).

George the Fighter (Minotaur Fighter)                Turns: 935, Time: 00:03:21

Health: -2/82      AC: 11    Str: 27    XL:     8   Next: 94%
Magic:  4/4        EV: 11    Int:  5    God:    Makhleb [*****.]
Gold:   6          SH: 13    Dex:  9    Spells: 0 memorised, 7 levels left

rFire  . . .     SeeInvis .     r - +2 rapier of Nedillou {antimagic, +Blink rC+ MR+ Stlth+}
rCold  + . .     Clarity  .     u - +1 scale mail
rNeg   . . .     SustAt   .     c - +0 shield
rPois  .         Gourm    .     (helmet restricted)
rElec  .         Spirit   .     t - +0 cloak
rCorr  .         Warding  .     (no gloves)
rMut   .         NoTele   +     (no boots)
MR     +....                    (no amulet)
Stlth  +.........               w - +2 ring of evasion
                                v - +3 ring of strength

@: somewhat resistant to hostile enchantments, very unstealthy
A: retaliatory headbutt, horns 2
a: Minor Destruction, Lesser Servant of Makhleb, Major Destruction, Greater
Servant of Makhleb, Renounce Religion, Evoke Blink


You were in the Dungeon.
You worshipped Makhleb.
Makhleb was extremely pleased with you.
You were not hungry.

You visited 1 branch You collected 6 gold pieces.

Inventory:

Hand Weapons
 r - the +2 rapier of Nedillou (weapon) {antimagic, +Blink rC+ MR+ Stlth+}
   (You found it in the Dungeon)

   It disrupts the flow of magical energy around spellcasters and certain
   magical creatures (including the wielder).
   It protects you from cold.
   It affects your resistance to hostile enchantments.
   It lets you blink.
   It makes you more stealthy.
 s - a +4 scimitar of electrocution
Armour
 c - a +0 shield (worn)
 t - a +0 cloak (worn)
 u - a +1 scale mail (worn)
Jewellery
 v - a +3 ring of strength (left hand)
 w - a +2 ring of evasion (right hand)
Wands
 q - a wand of cold (7)
Scrolls
 k - 3 scrolls of blinking
 o - 3 scrolls of remove curse
 p - 2 scrolls of amnesia
 z - 2 scrolls of fog
 A - a scroll of fear
Potions
 d - a potion of might
 f - a potion of brilliance
 g - 2 potions of cure mutation
 h - a potion of haste
 i - 4 potions of magic
 j - a potion of berserk rage
 l - a potion of invisibility
 m - 4 potions of heal wounds
 n - 6 potions of curing
Comestibles
 e - a bread ration
 B - a chunk of flesh


   Skills:
 + Level 11.5 Fighting
 + Level 11.1 Long Blades
 + Level 11.4 Armour
 + Level 11.5 Shields
 + Level 8.2 Invocations


You had 7 spell levels left.
You didn't know any spells.

Dungeon Overview and Level Annotations

Branches:
Dungeon (1/1)

Altars:
Cheibriados
Dithmenos
Elyvilon
Fedhas
Gozag
Kikubaaqudgha
Makhleb
Nemelex Xobeh
Okawaru
Qazlal
Ru
Sif Muna
Trog
Vehumet
Xom
Yredelemnul
Zin
The Shining One
Beogh
Jiyva
Lugonu


Innate Abilities, Weirdness & Mutations

You reflexively headbutt those who attack you in melee.
You have a pair of horns on your head.


Message History

You block the seven-headed hydra's attack. x2
The seven-headed hydra barely misses you.
You puncture the seven-headed hydra! You headbutt the seven-headed hydra!!
The seven-headed hydra is severely wounded.
The seven-headed hydra barely misses you.
You furiously retaliate!
You headbutt the seven-headed hydra!
The seven-headed hydra closely misses you.
The seven-headed hydra bites you! x3
* * * LOW HITPOINT WARNING * * *
The seven-headed hydra bites you!
* * * LOW HITPOINT WARNING * * *
You block the seven-headed hydra's attack.
You hit the seven-headed hydra.
The seven-headed hydra is almost dead.
The seven-headed hydra barely misses you.
You furiously retaliate!
You headbutt the seven-headed hydra. The seven-headed hydra bites you.
* * * LOW HITPOINT WARNING * * *
The seven-headed hydra bites you!
You die...

▓▓▓▓▓▓▓▓▓▓▓▓▓▓▓▓▓▓▓▓▓▓▓▓▓▓▓▓▓▓▓▓▓
[[.)|..'_____________________'...
▓▓▓▓▓▓▓▓▓▓▓▓▓▓▓▓▓▓▓▓▓▓▓▓▓▓▓▓▓▓▓▓▓
.................................
▓▓▓▓▓▓▓▓▓▓▓▓▓▓▓▓▓▓▓▓▓▓▓▓▓▓▓▓▓▓▓▓▓
YrYrYtD@.....†..†......:
▓▓▓▓▓▓▓▓▓▓▓▓▓▓▓▓▓▓▓▓▓▓▓▓


You could see a seven-headed hydra, an elephant, a yak, a crocodile, a
porcupine, a sheep and a river rat.

Vanquished Creatures
  A hill giant (D)
  A blink frog (D)
  A basilisk (D)
  A hippogriff (D)
  A water moccasin (D)
  2 porcupines (D)
  A sky beast (D)
  4 giant frogs (D)
  2 scorpions (D)
  A crimson imp (D)
  2 iguanas (D)
  A hound (D)
  An orc wizard (D)
  2 worker ants (D)
  A river rat (D)
  2 orcs (D)
  A giant cockroach (D)
  A goblin (D)
  A hobgoblin (D)
  A jackal (D)
  A bat (D)
  A giant newt (D)
  A rat (D)
31 creatures vanquished.

Vanquished Creatures (others)
  A spatial maelstrom (D)
1 creature vanquished.

Grand Total: 32 creatures vanquished

Notes
Turn   | Place    | Note
--------------------------------------------------------------
     0 | D        | George the Minotaur Fighter began the quest for the Orb.
     0 | D        | Reached XP level 1. HP: 19/19 MP: 0/0
     2 | D        | Banished a spatial maelstrom
     6 | D        | Reached skill level 4 in Fighting
    36 | D        | Noticed a scorpion
    36 | D        | Noticed a hound
    48 | D        | Killed a hound
    48 | D        | Reached skill level 5 in Fighting
    48 | D        | Reached skill level 5 in Armour
    48 | D        | Reached skill level 5 in Shields
    48 | D        | Reached XP level 2. HP: 5/29 MP: 1/1
    48 | D        | Reached XP level 3. HP: 6/36 MP: 2/2
    62 | D        | Killed a scorpion
    62 | D        | Reached skill level 6 in Fighting
    62 | D        | Reached skill level 5 in Long Blades
    62 | D        | Reached XP level 4. HP: 34/45 MP: 3/3
   245 | D        | Found a glowing silver altar of Zin.
   245 | D        | Found a glowing golden altar of the Shining One.
   245 | D        | Found an ancient bone altar of Kikubaaqudgha.
   245 | D        | Found a basalt altar of Yredelemnul.
   245 | D        | Found a shimmering altar of Xom.
   245 | D        | Found a radiant altar of Vehumet.
   246 | D        | Found an iron altar of Okawaru.
   247 | D        | Found a burning altar of Makhleb.
   248 | D        | Found a deep blue altar of Sif Muna.
   249 | D        | Found a bloodstained altar of Trog.
   250 | D        | Found a sparkling altar of Nemelex Xobeh.
   251 | D        | Found a white marble altar of Elyvilon.
   252 | D        | Found a roughly hewn altar of Beogh.
   253 | D        | Found a viscous altar of Jiyva.
   254 | D        | Found a corrupted altar of Lugonu.
   255 | D        | Became a worshipper of Makhleb the Destroyer
   256 | D        | Found a blossoming altar of Fedhas.
   257 | D        | Found a snail-covered altar of Cheibriados.
   258 | D        | Found a shadowy altar of Dithmenos.
   259 | D        | Found a stormy altar of Qazlal.
   260 | D        | Found an opulent altar of Gozag.
   261 | D        | Found a sacrificial altar of Ru.
   278 | D        | Got the +2 rapier of Nedillou {antimagic, +Blink rC+ MR+ Stlth+}
   310 | D        | Noticed a scorpion
   310 | D        | Noticed a hippogriff
   310 | D        | Noticed a giant frog
   310 | D        | Noticed a worker ant
   310 | D        | Noticed a sky beast
   310 | D        | Noticed a hill giant
   316 | D        | Killed a hill giant
   316 | D        | Reached skill level 9 in Fighting
   316 | D        | Reached skill level 5 in Invocations
   316 | D        | Reached XP level 5. HP: 21/57 MP: 3/8
   316 | D        | Reached XP level 6. HP: 23/63 MP: 3/9
   316 | D        | Reached XP level 7. HP: 25/70 MP: 3/10
   320 | D        | Killed a sky beast
   320 | D        | Reached * piety under Makhleb
   321 | D        | Killed a worker ant
   326 | D        | Killed a giant frog
   332 | D        | Killed a hippogriff
   332 | D        | Reached ** piety under Makhleb
   332 | D        | Reached skill level 10 in Fighting
   332 | D        | Reached skill level 10 in Armour
   332 | D        | Reached skill level 10 in Shields
   335 | D        | Killed a scorpion
   485 | D        | Noticed a basilisk
   485 | D        | Noticed a crimson imp
   485 | D        | Noticed an orc wizard
   485 | D        | Noticed a giant frog
   485 | D        | Noticed a worker ant
   491 | D        | Killed a worker ant
   491 | D        | Reached *** piety under Makhleb
   492 | D        | Killed a giant frog
   492 | D        | Reached XP level 8. HP: 78/80 MP: 10/12
   494 | D        | Killed an orc wizard
   497 | D        | Killed a crimson imp
   497 | D        | Reached **** piety under Makhleb
   497 | D        | Reached skill level 10 in Long Blades
   515 | D        | Killed a basilisk
   687 | D        | Identified the Volume of Combat Magic and Beguiling (You found it in the Dungeon)
   701 | D        | Noticed a porcupine
   701 | D        | Noticed a water moccasin
   701 | D        | Noticed an iguana
   701 | D        | Noticed a giant frog
   701 | D        | Noticed an iguana
   702 | D        | Killed an iguana
   709 | D        | Killed a giant frog
   709 | D        | Reached ***** piety under Makhleb
   714 | D        | Killed an iguana
   717 | D        | Killed a water moccasin
   717 | D        | Reached skill level 11 in Fighting
   719 | D        | Killed a porcupine
   721 | D        | Noticed a blink frog
   722 | D        | Noticed a giant frog
   723 | D        | Noticed a porcupine
   730 | D        | Killed a blink frog
   734 | D        | Killed a giant frog
   738 | D        | Killed a porcupine
   929 | D        | Noticed a porcupine
   929 | D        | Noticed a yak
   929 | D        | Noticed a seven-headed hydra
   929 | D        | Noticed a crocodile
   930 | D        | Noticed an elephant
   935 | D        | Slain by a seven-headed hydra

Action                   |  1- 3 |  4- 6 |  7- 9 || total
-------------------------+-------+-------+-------++-------
Melee: Long sword        |    30 |     1 |       ||    31
       Scimitar          |       |     6 |    75 ||    81
       Rapier            |       |       |     4 ||     4
  Use: Potion            |     2 |       |       ||     2
       Scroll            |       |       |     2 ||     2
